 Dungeon Crawl Stone Soup version 0.28.0-45-g0d030f2227 (webtiles) character file.

Game seed: 11193787084502754580

195 CryoSword the Sneak (level 5, -2/25 HPs)
             Began as a Vine Stalker Enchanter on Apr 1, 2022.
             Was an Initiate of Dithmenos.
             Killed by divine providence
             ... invoked by an orc priest
              (9 damage)
             ... on level 3 of the Dungeon.
             The game lasted 00:03:51 (2765 turns).

CryoSword the Sneak (Vine Stalker Enchanter)        Turns: 2765, Time: 00:03:52

Health: -2/25      AC:  9    Str: 11    XL:     5   Next: 74%
Magic:  0/10       EV: 12    Int: 17    God:    Dithmenos [......]
Gold:   199        SH:  0    Dex: 14    Spells: 1/9 levels left

rFire   . . .      SeeInvis .   f - +0 dagger (protect)
rCold   . . .      Faith    .   (no shield)
rNeg    . . .      Spirit   +   b - +0 robe
rPois   .          Reflect  .   (no helmet)
rElec   .          Harm     .   (no cloak)
rCorr   .          Rampage  .   (no gloves)
Will    .....                   (no boots)
Stlth   +++.......              (no amulet)
HPRegen 0.88/turn               (no ring)
MPRegen 0.12/turn               (no ring)

@: under a protective aura
A: fangs 2, regeneration 1, magic shield, antimagic bite, no potion heal 2
a: Renounce Religion


You were on level 3 of the Dungeon.
You worshipped Dithmenos.
Dithmenos was noncommittal.
You visited 1 branch of the dungeon, and saw 4 of its levels.

You collected 199 gold pieces.

Inventory:

Hand Weapons
 e - a +0 short sword
   (You found it on level 1 of the Dungeon)
 f - a +0 dagger of protection (weapon)
   (You took it off a goblin on level 1 of the Dungeon)
Missiles
 m - 9 poisoned darts (quivered)
Armour
 b - a +0 robe (worn)
 k - a +0 helmet
   (You took it off Robin on level 2 of the Dungeon)
 l - a +0 helmet
   (You found it on level 4 of the Dungeon)
Jewellery
 h - a ring of fire
   (You found it on level 1 of the Dungeon)
 n - an amulet of regeneration
   (You found it on level 3 of the Dungeon)
Scrolls
 i - a scroll of amnesia {unknown}
Potions
 a - a potion of flight {unknown}
 c - 3 potions of invisibility
 d - a potion of curing {unknown}
 g - a potion of haste {unknown}
 j - a potion of berserk rage {unknown}


   Skills:
 + Level 1.4 Fighting
 * Level 2.2 Short Blades
 + Level 2.0 Dodging
 * Level 4.8 Stealth
 + Level 2.9 Spellcasting
 * Level 4.0 Hexes


You had one spell level left.
You knew the following spells:

 Your Spells              Type           Power      Damage    Failure   Level
a - Ensorcelled Hibernat  Hex/Ice        18%        N/A       12%         2
b - Confusing Touch       Hex            16%        N/A       11%         3
c - Tukima's Dance        Hex            16%        N/A       11%         3

Your spell library contained the following spells:

 Spells                   Type           Power      Damage    Failure   Level
 Sting                    Tmut/Pois      8%         1d3       19%         1
 Dazzling Flash           Conj/Hex       18%        N/A       24%         3
 Poisonous Vapours        Pois/Air       4%         N/A       26%         2
 Gell's Gravitas          Tloc           2%         N/A       47%         3
 Lesser Beckoning         Tloc           2%         N/A       47%         3
 Teleport Other           Tloc           2%         N/A       47%         3
 Olgreb's Toxic Radiance  Pois           2%         N/A       87%         4


Dungeon Overview and Level Annotations

Branches:
Dungeon (4/15)
 Temple: D:4-7

Altars:
Dithmenos
Fedhas

Annotations:
D:2 1 runed translucent door, Crazy Yiuf


Innate Abilities, Weirdness & Mutations

You have extremely sharp teeth.
Your natural rate of healing is unusually fast.
When hurt, damage is shared between your health and your magic reserves.
Your bite disrupts and absorbs the magic of your enemies.
Potions cannot restore your health.


Message History

The spell is quite dangerous to miscast (12% risk of failure)!
Continue anyway?
Aim: an ogre, wielding a +0 giant spiked club (chance to affect: 48%)
The ogre resists with some effort.
A hound comes into view.
The spell is quite dangerous to miscast (12% risk of failure)!
Continue anyway?
Aim: an ogre, wielding a +0 giant spiked club (chance to affect: 48%)
The +0 giant spiked club dances into the air!
The ogre hits you!
Ouch! That really hurt!
* * * LOW HITPOINT WARNING * * *
You hear a sizzling splash.
Aim: an ogre (black smoke, chance to affect: 41%)
The ogre resists with some effort.
The ogre hits you!
Aim: an ogre (chance to affect: 41%)
The ogre looks drowsy...
The helpless ogre fails to defend itself.
You puncture the ogre!
Your weapon exudes an aura of protection.
The ogre hits you but does no damage.
You hit the ogre. Your bite misses the ogre. The ogre hits you!
Ouch! That really hurt!
* * * LOW HITPOINT WARNING * * *
Aim: an ogre (severely wounded, chance to affect: 41%)
The ogre resists with some effort.
The ogre completely misses you.
Aim: an ogre (severely wounded, chance to affect: 41%)
The ogre looks drowsy...
The helpless ogre fails to defend itself.
You impale the ogre!!
Your weapon exudes an aura of protection.
You kill the ogre!
Your Short Blades skill increases to level 2!
Your Dodging skill increases to level 2!
You have reached level 5!
There is a shadowy altar of Dithmenos here.
You kneel at the altar of Dithmenos.
Dithmenos welcomes you!
A hound is nearby!
A hound is nearby!
No reachable target in view!
Why would you want to do that? Why would you want to do that?
Aim: a hound (wandering, hasn't noticed you, chance to affect: 51%)
The hound barks!
The hound resists with some effort.
You completely miss the hound. Your bite misses the hound.
The hound completely misses you.
You hit the hound but do no damage.
Your weapon exudes an aura of protection.
The hound misses you.
You hit the hound but do no damage. The hound bites you but does no damage.
You closely miss the hound. Your bite misses the hound.
The hound bites you but does no damage. The hound bites you.
You hit the hound but do no damage. The hound barely misses you.
You hit the hound. The hound bites you but does no damage.
The hound closely misses you.
You hit the hound. Your bite misses the hound. The hound closely misses you.
You closely miss the hound. Your bite misses the hound. The hound bites you.
You hit the hound. You bite the hound, but do no damage.
The hound bites you but does no damage. x2
You hit the hound but do no damage. You bite the hound. You drain its power.
You feel invigorated. The hound barely misses you.
You hit the hound but do no damage. Your bite misses the hound.
The hound barely misses you.
You closely miss the hound. Your bite misses the hound. The hound bites you.
The hound barely misses you.
You hit the hound. The hound closely misses you.
You closely miss the hound. Your bite misses the hound.
The hound bites you but does no damage.
You miss the hound.
The hound pauses to sniff the ground.
The hound bites you. The hound closely misses you.
You miss the hound. You bite the hound.
You kill the hound!
Dithmenos accepts your kill.
Your Hexes skill increases to level 4!
You see here an ogre corpse.
m - 9 poisoned darts (gained 4)
You pick up a book of Displacement and begin reading...
You add the spells Lesser Beckoning, Gell's Gravitas and Teleport Other to your library.
Found a mace.
Found 25 stones.
A goblin comes into view. It is wielding a +0 club.
A goblin is nearby!
A goblin is nearby!
A goblin is nearby!
The helpless goblin fails to defend itself.
You impale the goblin!!
Your weapon exudes an aura of protection.
You kill the goblin!
Dithmenos accepts your kill.
No target in view!
You see here a +0 club.
An endoplasm comes into view.
Found a stone staircase leading down.
An endoplasm is nearby!
An endoplasm is nearby!
An endoplasm is nearby!
The helpless endoplasm fails to defend itself.
You impale the endoplasm!!
Your weapon exudes an aura of protection.
You kill the endoplasm!
Dithmenos accepts your kill.
There is a stone staircase leading down here.
Found 13 stones.
There is a stone staircase leading down here.
Found a stone staircase leading up.
A ball python comes into view.
A ball python is nearby!
A ball python is nearby!
The helpless ball python fails to defend itself.
You impale the ball python!!
Your weapon exudes an aura of protection.
You kill the ball python!
Dithmenos accepts your kill.
No target in view!
There is a stone staircase leading up here.
You climb upwards.
There is a stone staircase leading down here.
There is a stone staircase leading down here.
n - an amulet of regeneration
Found a stone staircase leading down.
You pick up a Young Poisoner's Handbook and begin reading...
You add the spells Sting, Poisonous Vapours and Olgreb's Toxic Radiance to your library.
An orc priest comes into view. It is wielding a +0 war axe.
The orc priest shouts!
An orc priest is nearby!
An orc priest is nearby!
The orc priest closely misses you.
You hit the orc priest.
Your weapon exudes an aura of protection.
The orc priest hits you but does no damage.
Aim: an orc priest, wielding a +0 war axe (moderately wounded, chance to affect: 43%)
The orc priest resists with some effort.
The orc priest miscasts a cantrip.
Aim: an orc priest, wielding a +0 war axe (moderately wounded, chance to affect: 43%)
The orc priest resists with some effort.
The orc priest invokes the aid of Beogh against you.
Beogh smites you!
You hear a shout!
Aim: an orc priest, wielding a +0 war axe (moderately wounded, chance to affect: 43%)
The orc priest resists with some effort.
The orc priest invokes the aid of Beogh against you.
Beogh smites you!
* * * LOW HITPOINT WARNING * * *
You don't have enough magic to cast this spell.
You hit the orc priest but do no damage.
Your bite misses the orc priest.
The orc priest calls down the wrath of Beogh upon you.
Beogh smites you!
You die...

#### ##### ...
#####...##o######
......#..@.......
#....##.######
#.......#
###.##### #.# #.#
#.# #.# ##.##


You could see an orc priest.

Vanquished Creatures
  An ogre (D:4)
  A hound (D:4)
  Robin (D:2)
  A worm (D:2)
  A dart slug (D:1)
  3 bats
  6 endoplasms
  2 giant cockroaches (D:2)
  17 goblins
  8 hobgoblins
  4 jackals (D:2)
  3 quokkas
  4 ball pythons
  3 frilled lizards
  A kobold (D:2)
  3 rats
59 creatures vanquished.

Notes
Turn   | Place    | Note
-------+----------+-------------------------------------------
     0 | D:1      | CryoSword the Vine Stalker Enchanter began the quest for
                  | the Orb.
     0 | D:1      | Reached XP level 1. HP: 9/9 MP: 4/4
    68 | D:1      | Reached skill level 1 in Short Blades
   247 | D:1      | Reached XP level 2. HP: 13/13 MP: 6/6
   352 | D:1      | Learned a level 2 spell: Ensorcelled Hibernation
  1097 | D:1      | Reached XP level 3. HP: 17/17 MP: 7/7
  1497 | D:2      | Noticed Robin
  1646 | D:2      | Found a runed translucent door.
  1647 | D:2      | Noticed Crazy Yiuf
  1841 | D:2      | Gained mutation: Your natural rate of healing is unusually
                  | fast. [Vine Stalker growth]
  1841 | D:2      | Reached XP level 4. HP: 21/21 MP: 8/8
  1860 | D:2      | Killed Robin
  1861 | D:2      | Reached skill level 1 in Fighting
  1961 | D:2      | You fall into a shaft and drop 2 floors!
  1978 | D:4      | Found a blossoming altar of Fedhas.
  2282 | D:4      | Found a shadowy altar of Dithmenos.
  2283 | D:4      | Noticed an ogre
  2297 | D:4      | Learned a level 3 spell: Confusing Touch
  2301 | D:4      | Learned a level 3 spell: Tukima's Dance
  2435 | D:4      | Killed an ogre
  2436 | D:4      | Reached XP level 5. HP: 25/25 MP: 0/10
  2443 | D:4      | Became a worshipper of Dithmenos the Shadowed
  2765 | D:3      | Killed from afar by an orc priest

Illustrated notes

Levels and vault maps discovered:
D:1:      scummos_arrival_star, layout_loops_ring
D:2:      layout_loops_ring, shapermc_ecumenical_altar_petra, uniq_robin,
          uniq_crazy_yiuf_cottage
D:3:      layout_loops_ring, uniq_pargi
D:4:      layout_basic, mainiacjoe_overflow_concentric_impassable,
          grunt_temple_overflow_holy_war, amcnicky_altar_gilded,
          ebering_ghost_reflecting_pool

Skill      XL: |  1  2  3  4  5 |
---------------+----------------+-----
Short Blades   | 1 2 |  2.2
Stealth        | 4 |  4.8
Fighting       | 1 |  1.4
Dodging        | 2 |  2.0
Hexes          | 4 |  4.0
Spellcasting   | |  2.9

Action                   |  1- 3 |  4- 6 || total
-------------------------+-------+-------++-------
Melee: Dagger            |   160 |    47 ||   207
       Bite              |    30 |     8 ||    38
       Punch             |     1 |       ||     1
 Cast: Ensorcelled Hiber |     8 |    10 ||    18
       Tukima's Dance    |       |     3 ||     3
 Stab: Sleeping          |    15 |     7 ||    22
Armor: Robe              |    44 |    12 ||    56
Dodge: Dodged            |    94 |    25 ||   119
